 Dungeon Crawl Stone Soup version 0.27-a0-1189-gb8eb6cee8e (webtiles) character file.

Game seed: 1157797361046180565

36 Aggronaut the Distorting Demonspawn (level 3, -4/29 HPs)
             Began as a Demonspawn Abyssal Knight on May 23, 2021.
             Was a Believer of Lugonu.
             Slain by a gnoll
             ... wielding a +0 flail
              (5 damage)
             ... on level 2 of the Dungeon.
             The game lasted 00:02:46 (1635 turns).

Aggronaut the Distorting Demonspawn (DsAK)          Turns: 1635, Time: 00:02:47

Health: -4/29      AC:  5    Str: 12    XL:     3   Next: 19%
Magic:  6/6        EV: 10    Int: 13    God:    Lugonu [**....]
Gold:   66         SH:  0    Dex: 13    Spells: 2/2 levels left

rFire    . . .     SeeInvis .   a - +1 falchion
rCold    . . .     Faith    .   (no shield)
rNeg     . . .     Spirit   .   d - +0 ring mail
rPois    .         Reflect  .   (no helmet)
rElec    .         Harm     .   (no cloak)
rCorr    .         Rampage  .   (no gloves)
Will     .....                  (no boots)
Stlth    +.........             (no amulet)
HPRegen  0.09/turn              (no ring)
MPRegen  0.10/turn              (no ring)

@: no status effects
A: claws 1, powered by death 1
a: Renounce Religion, Depart the Abyss, Bend Space


You were on level 2 of the Dungeon.
You worshipped Lugonu.
Lugonu was pleased with you.
You visited 1 branch of the dungeon, and saw 2 of its levels.
You visited the Abyss 1 time.

You collected 66 gold pieces.

Inventory:

Hand Weapons
 a - a +1 falchion (weapon)
Armour
 d - a +0 ring mail (worn)
Wands
 e - a wand of flame (12)
Scrolls
 b - a scroll of magic mapping {unknown}
 f - a scroll of fog {unknown}
 g - a scroll of fear {unknown}
 j - a scroll of torment {unknown}
Potions
 c - 2 potions of curing
 h - a potion of magic
 i - a potion of might {unknown}


   Skills:
 - Level 3.1 Fighting
 + Level 2.3 Long Blades
 - Level 1.7 Armour
 - Level 0.8 Dodging
 * Level 4.1 Invocations


You had 2 spell levels left.
You didn't know any spells.
Your spell library was empty.

Dungeon Overview and Level Annotations

Branches:
Dungeon (2/15)

Altars:


Innate Abilities, Weirdness & Mutations

You have sharp fingernails.
You regenerate a little health from kills.


Message History

The jackal barely misses you. The jackal barely misses you.
The jackal barely misses you.
You riposte.
You barely miss the jackal. You miss the jackal. The jackal bites you.
The jackal misses you.
You barely miss the jackal. The jackal barely misses you.
The jackal closely misses you.
You riposte.
You hit the jackal.
The jackal is heavily wounded.
You barely miss the jackal.
The jackal is heavily wounded.
The jackal barely misses you.
You barely miss the jackal.
The jackal is heavily wounded.
The jackal bites you but does no damage.
The jackal closely misses you.
You hit the jackal.
You kill the jackal!
Lugonu accepts your kill.
Your ring mail prevents you from hitting the gnoll.
The gnoll hits you with a +0 flail!
You hit the gnoll.
The gnoll is lightly wounded.
The gnoll barely misses you. x2
You hit the gnoll.
The gnoll is heavily wounded.
The gnoll closely misses you.
You hit the gnoll but do no damage.
The gnoll is heavily wounded.
The gnoll hits you with a +0 flail!
You closely miss the gnoll.
The gnoll is heavily wounded.
The gnoll hits you with a +0 flail!
* * * LOW HITPOINT WARNING * * *
You barely miss the gnoll.
The gnoll is heavily wounded.
The gnoll hits you with a +0 flail.
* * * LOW HITPOINT WARNING * * *
You hit the gnoll.
The gnoll is severely wounded.
The gnoll hits you with a +0 flail.
You die...

#......g....
#...........
#...........
#...........
#...........
#...g....... #....#
#############
#....######...........#
+....gg@.>............#
#...#####.............#
#... .................#
#.....................#
#.....................#
.........#............#
..........#(.........>.#
......#............#
.....##...........##


You could see 2 gnolls.

Vanquished Creatures
  A dart slug (D:1)
  3 endoplasms (D:1)
  3 goblins (D:1)
  5 hobgoblins
  2 jackals (D:2)
  A kobold (D:2)
  2 quokkas (D:1)
  3 ball pythons (D:1)
  3 bats
  2 frilled lizards (D:1)
  4 rats
29 creatures vanquished.

Notes
Turn   | Place    | Note
-------+----------+-------------------------------------------
     0 | Abyss:1  | Aggronaut the Demonspawn Abyssal Knight began the quest for
                  | the Orb.
     0 | Abyss:1  | Reached XP level 1. HP: 18/18 MP: 2/2
    38 | D:1      | Escaped the Abyss
   321 | D:1      | Reached skill level 3 in Invocations
   390 | D:1      | Gained mutation: You have sharp fingernails. [demonic
                  | ancestry]
   390 | D:1      | Reached XP level 2. HP: 19/24 MP: 4/4
   946 | D:1      | HP: 1/24 [dart slug/slug dart (5)]
  1432 | D:1      | Gained mutation: You regenerate a little health from kills.
                  | [demonic ancestry]
  1432 | D:1      | Reached XP level 3. HP: 29/29 MP: 5/5
  1545 | D:2      | Reached ** piety under Lugonu
  1566 | D:2      | Reached skill level 4 in Invocations
  1634 | D:2      | HP: 1/29 [gnoll/+0 flail (6)]
  1635 | D:2      | Slain by a gnoll

Illustrated notes

Levels and vault maps discovered:
D:1:      dpeg_arrival_oval, layout_loops_ring
D:2:      layout_basic

Skill      XL: |  1  2  3 |
---------------+----------+-----
Invocations    | 3 4 |  4.1
Long Blades    | 2 |  2.3
Fighting       | |  3.1
Armour         | |  1.7
Dodging        | |  0.8

Action                   || total
-------------------------++-------
Melee: Falchion          ||    93
  Use: Scroll            ||     2
Armor: Ring mail         ||    39
Dodge: Dodged            ||    50
       Rpst.: Falchion   ||    12

Table legend: (Time is in decaauts)
 A = Elapsed time spent in this place.
 B = Non-inter-level travel time spent in this place.
 C = Inter-level travel time spent in this place.
 D = Time resting spent in this place.
 E = Time spent auto-exploring this place.
 F = Levels seen in this place.
 G = Mean time per level.
                   A        B        C        D        E       F      G
               +--------+--------+--------+--------+--------+-----+--------+
         Total |   1652 |   1636 |     16 |    425 |    925 |   3 |  550.7 |
       Dungeon |   1614 |   1598 |     16 |    425 |    916 |   2 |  807.0 |
         Abyss |     38 |     38 |      0 |      0 |      9 |   1 |   38.0 |
               +--------+--------+--------+--------+--------+-----+--------+

Top non-repeatable levels by time:
     D:1: 1512 daAuts
     D:2: 102 daAuts
 Abyss:1: 38 daAuts
